 Dungeon Crawl Stone Soup version 0.21.1-1-g345015f (webtiles) character file.

12671 tidbits the Thaumaturge (level 11, -33/83 HPs)
             Began as a Gnoll Earth Elementalist on Feb 10, 2018.
             Was an Elder of Cheibriados.
             Annihilated by an orc knight
             ... wielding a +0 battleaxe
              (45 damage)
             ... on level 13 of the Dungeon.
             The game lasted 00:37:42 (2709 turns).

tidbits the Thaumaturge (Gnoll Earth Elementalist)  Turns: 2709, Time: 00:37:43

Health: -33/83     AC:  5    Str: 27    XL:     11   Next: 97%
Magic:  4/23       EV: 21    Int: 30    God:    Cheibriados [****..]
Gold:   337        SH:  7    Dex: 27    Spells: 2/26 levels left

rFire    . . .     SeeInvis .   a - +1 broad axe
rCold    + . .     Gourm    .   D - +0 buckler
rNeg     . . .     Faith    +   B - +2 robe {Archmagi}
rPois    .         Spirit   .   (no helmet)
rElec    .         Reflect  .   C - +0 cloak "Zot Beam" {*Drain Str+7} (curse)
rCorr    .         Harm     .   (no gloves)
MR       .....                  (no boots)
Stlth    +++++.....             P - amulet "Kuifomul" {Faith rC+}
HPRegen  0.23/turn              x - ring of flight
MPRegen  0.18/turn              (no ring)

@: very slow
A: distributed training, fangs 1, strong nose
a: Bend Time, Temporal Distortion, Slouch, Renounce Religion, Evoke Flight


You were on level 13 of the Dungeon.
You worshipped Cheibriados.
Cheibriados was greatly pleased with you.
You were not hungry.

You visited 1 branch of the dungeon, and saw 14 of its levels.

You collected 428 gold pieces.
You spent 91 gold pieces at shops.

Inventory:

Hand Weapons
 a - a +1 broad axe (weapon)
 b - a +5 dagger of freezing
   (You took it off a wight on level 11 of the Dungeon)
 g - a +0 blowgun
 k - a +4 war axe
 l - a +3 battleaxe
 q - a +3 trident
 t - a +2 scimitar
 y - a +0 short sword
 A - a +0 dire flail
 J - a +0 dagger
Missiles
 j - 54 stones (quivered)
 o - 11 tomahawks
 E - 5 tomahawks of returning
 K - 117 arrows
 O - 10 poisoned needles
Armour
 d - a +1 robe
 B - a +2 robe of the Archmagi (worn)
   (You took it off an orc wizard on level 4 of the Dungeon)
 C - the cursed +0 cloak "Zot Beam" (worn) {*Drain Str+7}
   (You found it on level 11 of the Dungeon)

   It affects your strength (+7).
   It causes draining when unequipped.
   It has a curse placed upon it.
 D - a +0 buckler (worn)
 H - a +3 leather armour
Jewellery
 x - a ring of flight (left hand)
   (You found it on level 7 of the Dungeon)
 P - the amulet "Kuifomul" (around neck) {Faith rC+}
   (You found it on level 13 of the Dungeon)

   [amulet of faith]

   It allows you to gain divine favour quickly.
   It protects you from cold.
Wands
 h - a wand of polymorph (17)
 F - a wand of iceblast (6)
Scrolls
 m - 5 scrolls of enchant weapon
 n - a scroll of amnesia
 r - 6 scrolls of remove curse
 u - a scroll of enchant armour
 v - a scroll of fog
 w - 2 scrolls of fear
 G - a scroll of immolation
 M - 6 scrolls of teleportation
Potions
 f - a potion of curing
 I - a potion of might
Books
 e - a book of Geomancy

   Spells                             Type                      Level
   a - Sandblast                      Earth                        1
   b - Passwall                       Transmutation/Earth          2
   c - Stone Arrow                    Conjuration/Earth            3
   d - Petrify                        Transmutation/Earth          4
   e - Lee's Rapid Deconstruction     Earth                        5
 s - a book of Necromancy
   (You found it on level 5 of the Dungeon)

   Spells                             Type                      Level
   a - Pain                           Necromancy                   1
   b - Animate Skeleton               Necromancy                   1
   c - Vampiric Draining              Necromancy                   3
   d - Regeneration                   Charms/Necromancy            3
   e - Animate Dead                   Necromancy                   4
   f - Borgnjor's Vile Clutch         Necromancy/Earth             5
 z - a Fen Folio
   (You found it on level 5 of the Dungeon)

   Spells                             Type                      Level
   a - Corpse Rot                     Necromancy                   2
   b - Stone Arrow                    Conjuration/Earth            3
   c - Leda's Liquefaction            Hexes/Earth                  4
   d - Summon Forest                  Summoning/Translocation      5
   e - Hydra Form                     Transmutation                6
   f - Summon Hydra                   Summoning                    7
 L - a book of the Sky
   (You found it on level 13 of the Dungeon)

   Spells                             Type                      Level
   a - Summon Lightning Spire         Summoning/Air                4
   b - Silence                        Hexes/Air                    5
   c - Deflect Missiles               Charms/Air                   6
   d - Conjure Ball Lightning         Conjuration/Air              6
   e - Tornado                        Air                          9
 N - a book of Party Tricks
   (You found it on level 13 of the Dungeon)

   Spells                             Type                      Level
   a - Summon Butterflies             Summoning                    1
   b - Apportation                    Translocation                1
   c - Lesser Beckoning               Translocation                3
   d - Tukima's Dance                 Hexes                        3
   e - Alistair's Intoxication        Transmutation/Poison         5
   f - Invisibility                   Hexes                        6
Comestibles
 c - 10 rations


   Skills:
 + Level 6.6 Fighting
 + Level 6.6 Short Blades
 + Level 6.6 Long Blades
 + Level 6.6 Axes
 + Level 6.6 Maces & Flails
 + Level 6.6 Polearms
 + Level 6.6 Staves
 + Level 6.6 Slings
 + Level 6.6 Bows
 + Level 6.6 Crossbows
 + Level 6.6 Throwing
 + Level 6.6 Armour
 + Level 8.2 Dodging
 + Level 8.0 Stealth
 + Level 6.6 Shields
 + Level 6.6 Unarmed Combat
 + Level 8.4 Spellcasting
 + Level 5.5 Conjurations
 + Level 5.5 Hexes
 + Level 5.5 Charms
 + Level 5.5 Summonings
 + Level 5.5 Necromancy
 + Level 5.5 Translocations
 + Level 6.0 Transmutations
 + Level 5.5 Fire Magic
 + Level 5.5 Ice Magic
 + Level 5.5 Air Magic
 + Level 7.9 Earth Magic
 + Level 5.5 Poison Magic
 + Level 7.3 Invocations
 + Level 6.6 Evocations


You had 2 spell levels left.
You knew the following spells:

 Your Spells              Type           Power        Failure   Level  Hunger
a - Sandblast             Erth           ######       1%          1    None
e - Petrify               Tmut/Erth      ######..     2%          4    None
j - Stone Arrow           Conj/Erth      ######       1%          3    None
n - Animate Skeleton      Necr           N/A          1%          1    None
p - Passwall              Tmut/Erth      ######....   1%          2    None
r - Regeneration          Chrm/Necr      ######....   1%          3    None
v - Borgnjor's Vile Clut  Necr/Erth      ######....   7%          5    ####...
A - Apportation           Tloc           ######       1%          1    None
L - Summon Lightning Spi  Summ/Air       ######..     4%          4    None


Dungeon Overview and Level Annotations

Branches:
Dungeon (14/15)            Temple (0/1) D:6          Vaults (0/5) D:14
   Lair: D:8-11         Orc: D:9-12

Altars:
Cheibriados
Elyvilon
Ru
Zin
Beogh

Shops:
D:6 *=

Annotations:
D:14 Nessos, Rupert, Urug


Innate Abilities, Weirdness & Mutations

Your experience applies equally to all skills.
You have very sharp teeth.
Your uncanny sense of smell can sniff out nearby items.


Message History

Okay, then.
Evoke which item? (* to show all) (? for menu, Esc to quit)
Okay, then.
Okay, then.
Unknown command.
Unknown command.
You hear a shout!
You hear two shouts!
An orc warrior comes into view. It is wielding a glaive.
Unknown command.
Evoke which item? (* to show all) (? for menu, Esc to quit)
Aiming: Paralyse
Press: ? - help, Shift-Dir - straight line, f - troll
Aim: a troll (chance to defeat MR: 65%)
The troll suddenly stops moving!
The now-empty wand crumbles to dust.
The helpless troll fails to defend itself.
You slash the troll!
The troll is moderately wounded.
The orc knight roars a battlecry!
You hear a shout!
Unknown command.
The helpless troll fails to defend itself.
You slash the troll! You bite the troll, but do no damage.
The troll is severely wounded.
You hear a shout!
Unknown command.
The helpless troll fails to defend itself.
You slash the troll!
You kill the troll!
The troll leather armour is intact enough to wear.
You hit the two-headed ogre.
The two-headed ogre hits you with a giant club.
You block the two-headed ogre's attack. You block the orc knight's attack.
Unknown command.
You barely miss the two-headed ogre. You bite the two-headed ogre.
The two-headed ogre is lightly wounded.
You slash the orc knight! The two-headed ogre misses you.
You block the two-headed ogre's attack. The orc knight closely misses you.
Unknown command.
Casting: Sandblast
Confirm with . or Enter, or press ? or * to list all spells.
Aiming: Borgnjor's Vile Clutch
Press: ? - help, Dir - move target cursor, f - you You feel a surge of power!
Decaying hands burst forth from the earth!
Zombie hands grab the orc knight.
Zombie hands grab the two-headed ogre.
Zombie hands grab the orc knight.
The zombie hands constrict the orc knight!
The zombie hands constrict the two-headed ogre!
The zombie hands constrict the orc knight!
The orc knight roars a battlecry!
The orc knight goes into a battle-frenzy!
The orc knight roars a battlecry!
The orc knight goes into a battle-frenzy!
The two-headed ogre hits you with a giant club!
The two-headed ogre completely misses you.
You hear a shout! x2
Unknown command.
Unknown command.
You hit the orc knight.
You bite the orc knight, but do no damage.
The orc knight is lightly wounded.
You hit the two-headed ogre. You hit the orc knight.
The zombie hands constrict the orc knight!
The zombie hands constrict the two-headed ogre!!
The zombie hands constrict the orc knight!
The orc knight barely misses you.
The orc knight hits you with a dire flail!!
* * * LOW HITPOINT WARNING * * *
The two-headed ogre misses you. You block the two-headed ogre's attack.
You hear a shout!
Unknown command.
Okay, then.
You hit the two-headed ogre.
The two-headed ogre is severely wounded.
You hit the orc knight but do no damage.
You hit the orc knight.
The zombie hands constrict the orc knight!
The zombie hands constrict the two-headed ogre!
The zombie hands constrict the orc knight.
The orc knight hits you with a battleaxe!!
* * * LOW HITPOINT WARNING * * *
The orc knight completely misses you. The two-headed ogre closely misses you.
The two-headed ogre completely misses you.
Okay, then.
You hit the two-headed ogre.
The two-headed ogre is almost dead.
You hit the orc knight but do no damage. x2
The zombie hands constrict the orc knight!!
The zombie hands constrict the two-headed ogre.
You kill the two-headed ogre!
Cheibriados appreciates the change of pace.
Cheibriados raises the support of your attributes as your movement slows.
The zombie hands constrict the orc knight!
You kill the orc knight!
Cheibriados thoroughly appreciates the change of pace.
Your Stealth skill increases to level 8!
Your Transmutations skill increases to level 6!
The orc knight hits you with a battleaxe!!!
Ouch! That really hurt!
You die...

.....................##
.......######.........#
.......# ##........#.#
......## #.........##.#
###....## ##........# ..#
##......## ######.©.# #.#
.........## ##### ##
..........## ###########
...........# #.)@o©....#
...........##..C#####...#
.....%.....##... #}# .#
...)>......##.#. ([?
...........##.##


8O8o ...........## oo_C.. ##.........# C8o8.## ##........# o)..o.. ####.....#
.D.. You could see an orc knight and an ettin.

Vanquished Creatures
  4 two-headed ogres
  A tengu warrior (D:13)
  An unseen horror (D:13)
  An orc knight (D:13)
  An ugly thing (D:11)
  A centaur zombie (D:10)
  A manticore (D:11)
  A tengu conjurer (D:13)
  2 trolls
  2 hippogriffs
  Grum (D:11)
  9 yaks (D:11)
  A hungry ghost (D:11)
  A vampire mosquito (D:13)
  A soldier ant (D:10)
  2 water moccasins
  2 porcupines (D:11)
  6 orc warriors
  3 sky beasts
  A black bear (D:11)
  A phantom (D:11)
  5 ogres
  9 centaurs
  2 wolves (D:11)
  A crocodile (D:11)
  A big kobold (D:9)
  4 bullfrogs
  3 scorpions
  A water moccasin skeleton (D:7)
  2 killer bees (D:10)
  6 wights
  2 howler monkeys (D:5)
  2 crimson imps
  A hound (D:6)
  4 orc priests
  A centaur skeleton (D:6)
  An iguana (D:3)
  A bullfrog skeleton (D:11)
  7 orc wizards
  4 worker ants
  A hound zombie (D:7)
  A worker ant zombie (D:11)
  6 adders
  2 shadow imps
  A worm (D:4)
  A dart slug (D:2)
  2 leopard geckos
  36 orcs
  A bat (D:3)
  4 giant cockroaches
  3 goblins (D:1)
  2 hobgoblins
  4 jackals (D:6)
  3 quokkas
  A frilled lizard (D:2)
  A jackal zombie (D:6)
  5 kobolds
  A quokka skeleton (D:10)
175 creatures vanquished.

Vanquished Creatures (collateral kills)
  A centaur zombie (D:13)
  A killer bee (D:10)
2 creatures vanquished.

Vanquished Creatures (others)
  A quokka (D:7)
  23 fungi (D:11)
  11 plants (D:11)
35 creatures vanquished.

Grand Total: 212 creatures vanquished

Notes
Turn   | Place    | Note
-------+----------+-------------------------------------------
     0 | D:1      | tidbits the Gnoll Earth Elementalist began the quest for the Orb.
     0 | D:1      | Reached XP level 1. HP: 13/13 MP: 6/6
    69 | D:1      | Reached skill level 2 in Transmutations
    86 | D:1      | Reached XP level 2. HP: 19/19 MP: 3/7
    90 | D:1      | Learned a level 2 spell: Passwall
   140 | D:2      | Reached XP level 3. HP: 25/25 MP: 5/9
   148 | D:2      | Reached skill level 5 in Spellcasting
   247 | D:3      | Reached skill level 1 in Invocations
   253 | D:3      | Reached skill level 1 in Fighting
   253 | D:3      | Reached skill level 1 in Short Blades
   253 | D:3      | Reached skill level 1 in Long Blades
   253 | D:3      | Reached skill level 1 in Axes
   253 | D:3      | Reached skill level 1 in Maces & Flails
   253 | D:3      | Reached skill level 1 in Polearms
   253 | D:3      | Reached skill level 1 in Staves
   253 | D:3      | Reached skill level 1 in Slings
   253 | D:3      | Reached skill level 1 in Bows
   253 | D:3      | Reached skill level 1 in Crossbows
   253 | D:3      | Reached skill level 1 in Throwing
   253 | D:3      | Reached skill level 1 in Armour
   253 | D:3      | Reached skill level 1 in Shields
   253 | D:3      | Reached skill level 1 in Unarmed Combat
   253 | D:3      | Reached skill level 1 in Evocations
   253 | D:3      | Reached XP level 4. HP: 32/32 MP: 4/11
   258 | D:3      | Learned a level 3 spell: Stone Arrow
   263 | D:3      | Learned a level 4 spell: Petrify
   286 | D:4      | Reached skill level 1 in Conjurations
   286 | D:4      | Reached skill level 1 in Hexes
   286 | D:4      | Reached skill level 1 in Charms
   286 | D:4      | Reached skill level 1 in Summonings
   286 | D:4      | Reached skill level 1 in Necromancy
   286 | D:4      | Reached skill level 1 in Translocations
   286 | D:4      | Reached skill level 1 in Fire Magic
   286 | D:4      | Reached skill level 1 in Ice Magic
   286 | D:4      | Reached skill level 1 in Air Magic
   286 | D:4      | Reached skill level 1 in Poison Magic
   289 | D:4      | Reached XP level 5. HP: 37/37 MP: 3/12
   326 | D:5      | Entered Level 5 of the Dungeon
   383 | D:4      | Found a glowing silver altar of Zin.
   386 | D:4      | Found a snail-covered altar of Cheibriados.
   389 | D:4      | Became a worshipper of Cheibriados the Contemplative
   478 | D:5      | Reached skill level 2 in Invocations
   478 | D:5      | Reached XP level 6. HP: 42/44 MP: 11/13
   527 | D:4      | Found a white marble altar of Elyvilon.
   578 | D:4      | Noticed a hungry ghost
   578 | D:4      | Noticed a yak
   688 | D:5      | Reached skill level 5 in Dodging
   714 | D:5      | Noticed a water moccasin
   717 | D:5      | Killed a water moccasin
   717 | D:5      | Reached skill level 2 in Fighting
   717 | D:5      | Reached skill level 2 in Short Blades
   717 | D:5      | Reached skill level 2 in Long Blades
   717 | D:5      | Reached skill level 2 in Axes
   717 | D:5      | Reached skill level 2 in Maces & Flails
   717 | D:5      | Reached skill level 2 in Polearms
   717 | D:5      | Reached skill level 2 in Staves
   717 | D:5      | Reached skill level 2 in Slings
   717 | D:5      | Reached skill level 2 in Bows
   717 | D:5      | Reached skill level 2 in Crossbows
   717 | D:5      | Reached skill level 2 in Throwing
   717 | D:5      | Reached skill level 2 in Armour
   717 | D:5      | Reached skill level 2 in Shields
   717 | D:5      | Reached skill level 2 in Unarmed Combat
   717 | D:5      | Reached skill level 2 in Evocations
   750 | D:5      | Found a sacrificial altar of Ru.
   757 | D:5      | Reached XP level 7. HP: 50/50 MP: 11/15
   816 | D:5      | Learned a level 3 spell: Regeneration
   818 | D:5      | Learned a level 1 spell: Animate Skeleton
   864 | D:6      | Reached * piety under Cheibriados
   866 | D:6      | Found a staircase to the Ecumenical Temple.
   885 | D:6      | Reached skill level 2 in Conjurations
   885 | D:6      | Reached skill level 2 in Hexes
   885 | D:6      | Reached skill level 2 in Charms
   885 | D:6      | Reached skill level 2 in Summonings
   885 | D:6      | Reached skill level 2 in Necromancy
   885 | D:6      | Reached skill level 2 in Translocations
   885 | D:6      | Reached skill level 2 in Fire Magic
   885 | D:6      | Reached skill level 2 in Ice Magic
   885 | D:6      | Reached skill level 2 in Air Magic
   885 | D:6      | Reached skill level 2 in Poison Magic
   890 | D:6      | Reached skill level 3 in Transmutations
   985 | D:6      | Reached skill level 5 in Stealth
  1014 | D:6      | Found Asyossoca's Jewellery Emporium.
  1060 | D:6      | Reached skill level 3 in Invocations
  1130 | D:6      | Reached XP level 8. HP: 31/57 MP: 8/16
  1208 | D:6      | Found Ommued's General Store.
  1217 | D:6      | Bought a scroll of fear for 49 gold pieces
  1217 | D:6      | Bought a scroll of teleportation for 42 gold pieces
  1261 | D:7      | Reached skill level 6 in Earth Magic
  1269 | D:7      | Reached skill level 3 in Fighting
  1269 | D:7      | Reached skill level 3 in Short Blades
  1269 | D:7      | Reached skill level 3 in Long Blades
  1269 | D:7      | Reached skill level 3 in Axes
  1269 | D:7      | Reached skill level 3 in Maces & Flails
  1269 | D:7      | Reached skill level 3 in Polearms
  1269 | D:7      | Reached skill level 3 in Staves
  1269 | D:7      | Reached skill level 3 in Slings
  1269 | D:7      | Reached skill level 3 in Bows
  1269 | D:7      | Reached skill level 3 in Crossbows
  1269 | D:7      | Reached skill level 3 in Throwing
  1269 | D:7      | Reached skill level 3 in Armour
  1269 | D:7      | Reached skill level 3 in Shields
  1269 | D:7      | Reached skill level 3 in Unarmed Combat
  1269 | D:7      | Reached skill level 3 in Evocations
  1293 | D:7      | Reached ** piety under Cheibriados
  1306 | D:7      | Reached skill level 6 in Spellcasting
  1454 | D:8      | Noticed a rust devil
  1454 | D:8      | Noticed a rust devil
  1460 | D:9      | Reached skill level 3 in Conjurations
  1460 | D:9      | Reached skill level 3 in Hexes
  1460 | D:9      | Reached skill level 3 in Charms
  1460 | D:9      | Reached skill level 3 in Summonings
  1460 | D:9      | Reached skill level 3 in Necromancy
  1460 | D:9      | Reached skill level 3 in Translocations
  1460 | D:9      | Reached skill level 3 in Fire Magic
  1460 | D:9      | Reached skill level 3 in Ice Magic
  1460 | D:9      | Reached skill level 3 in Air Magic
  1460 | D:9      | Reached skill level 3 in Poison Magic
  1460 | D:9      | Reached skill level 4 in Invocations
  1501 | D:9      | Reached skill level 6 in Dodging
  1501 | D:9      | Reached XP level 9. HP: 58/65 MP: 15/18
  1587 | D:10     | Entered Level 10 of the Dungeon
  1681 | D:11     | Reached skill level 4 in Fighting
  1681 | D:11     | Reached skill level 4 in Short Blades
  1681 | D:11     | Reached skill level 4 in Long Blades
  1681 | D:11     | Reached skill level 4 in Axes
  1681 | D:11     | Reached skill level 4 in Maces & Flails
  1681 | D:11     | Reached skill level 4 in Polearms
  1681 | D:11     | Reached skill level 4 in Staves
  1681 | D:11     | Reached skill level 4 in Slings
  1681 | D:11     | Reached skill level 4 in Bows
  1681 | D:11     | Reached skill level 4 in Crossbows
  1681 | D:11     | Reached skill level 4 in Throwing
  1681 | D:11     | Reached skill level 4 in Armour
  1681 | D:11     | Reached skill level 4 in Shields
  1681 | D:11     | Reached skill level 4 in Unarmed Combat
  1681 | D:11     | Reached skill level 4 in Transmutations
  1681 | D:11     | Reached skill level 4 in Evocations
  1686 | D:11     | Reached skill level 6 in Stealth
  1696 | D:11     | Learned a level 5 spell: Borgnjor's Vile Clutch
  1726 | D:11     | Noticed a troll
  1741 | D:11     | Killed a troll
  1741 | D:11     | Reached skill level 5 in Invocations
  1763 | D:11     | Reached *** piety under Cheibriados
  1763 | D:11     | Reached XP level 10. HP: 15/73 MP: 3/20
  1792 | D:10     | Noticed a two-headed ogre
  1802 | D:10     | Killed a two-headed ogre
  1802 | D:10     | Reached skill level 5 in Fighting
  1802 | D:10     | Reached skill level 5 in Short Blades
  1802 | D:10     | Reached skill level 5 in Long Blades
  1802 | D:10     | Reached skill level 5 in Axes
  1802 | D:10     | Reached skill level 5 in Maces & Flails
  1802 | D:10     | Reached skill level 5 in Polearms
  1802 | D:10     | Reached skill level 5 in Staves
  1802 | D:10     | Reached skill level 5 in Slings
  1802 | D:10     | Reached skill level 5 in Bows
  1802 | D:10     | Reached skill level 5 in Crossbows
  1802 | D:10     | Reached skill level 5 in Throwing
  1802 | D:10     | Reached skill level 5 in Armour
  1802 | D:10     | Reached skill level 5 in Shields
  1802 | D:10     | Reached skill level 5 in Unarmed Combat
  1802 | D:10     | Reached skill level 7 in Spellcasting
  1802 | D:10     | Reached skill level 4 in Conjurations
  1802 | D:10     | Reached skill level 4 in Hexes
  1802 | D:10     | Reached skill level 4 in Charms
  1802 | D:10     | Reached skill level 4 in Summonings
  1802 | D:10     | Reached skill level 4 in Necromancy
  1802 | D:10     | Reached skill level 4 in Translocations
  1802 | D:10     | Reached skill level 4 in Fire Magic
  1802 | D:10     | Reached skill level 4 in Ice Magic
  1802 | D:10     | Reached skill level 4 in Air Magic
  1802 | D:10     | Reached skill level 4 in Poison Magic
  1802 | D:10     | Reached skill level 5 in Evocations
  1905 | D:10     | Reached skill level 7 in Earth Magic
  1989 | D:10     | Reached skill level 7 in Dodging
  2036 | D:10     | Reached **** piety under Cheibriados
  2119 | D:11     | Reached skill level 5 in Transmutations
  2143 | D:11     | Reached skill level 6 in Invocations
  2145 | D:11     | Reached skill level 7 in Stealth
  2162 | D:11     | Noticed Grum
  2162 | D:11     | Noticed a green ugly thing
  2169 | D:11     | Killed Grum
  2322 | D:11     | Reached XP level 11. HP: 81/81 MP: 20/22
  2335 | D:11     | Killed a green ugly thing
  2349 | D:11     | Noticed a manticore
  2352 | D:11     | Noticed a two-headed ogre
  2353 | D:11     | Killed a manticore
  2367 | D:11     | Killed a two-headed ogre
  2367 | D:11     | Reached skill level 6 in Fighting
  2367 | D:11     | Reached skill level 6 in Short Blades
  2367 | D:11     | Reached skill level 6 in Long Blades
  2367 | D:11     | Reached skill level 6 in Axes
  2367 | D:11     | Reached skill level 6 in Maces & Flails
  2367 | D:11     | Reached skill level 6 in Polearms
  2367 | D:11     | Reached skill level 6 in Staves
  2367 | D:11     | Reached skill level 6 in Slings
  2367 | D:11     | Reached skill level 6 in Bows
  2367 | D:11     | Reached skill level 6 in Crossbows
  2367 | D:11     | Reached skill level 6 in Throwing
  2367 | D:11     | Reached skill level 6 in Armour
  2367 | D:11     | Reached skill level 6 in Shields
  2367 | D:11     | Reached skill level 6 in Unarmed Combat
  2367 | D:11     | Reached skill level 5 in Conjurations
  2367 | D:11     | Reached skill level 5 in Hexes
  2367 | D:11     | Reached skill level 5 in Charms
  2367 | D:11     | Reached skill level 5 in Summonings
  2367 | D:11     | Reached skill level 5 in Necromancy
  2367 | D:11     | Reached skill level 5 in Translocations
  2367 | D:11     | Reached skill level 5 in Fire Magic
  2367 | D:11     | Reached skill level 5 in Ice Magic
  2367 | D:11     | Reached skill level 5 in Air Magic
  2367 | D:11     | Reached skill level 5 in Poison Magic
  2367 | D:11     | Reached skill level 6 in Evocations
  2399 | D:11     | Identified the cursed +0 cloak "Zot Beam" {*Drain Str+7} (You found it on level 11 of the Dungeon)
  2436 | D:11     | Reached skill level 8 in Spellcasting
  2495 | D:13     | Noticed a two-headed ogre
  2505 | D:13     | Killed a two-headed ogre
  2526 | D:14     | Found a gate to the Vaults.
  2526 | D:14     | Noticed Rupert
  2526 | D:14     | Noticed a centaur warrior
  2526 | D:14     | Noticed Nessos
  2526 | D:14     | Noticed Urug
  2526 | D:14     | Noticed a wizard
  2580 | D:13     | Learned a level 1 spell: Apportation
  2585 | D:13     | Learned a level 4 spell: Summon Lightning Spire
  2628 | D:13     | Noticed a tengu warrior
  2634 | D:13     | Killed a tengu warrior
  2634 | D:13     | Reached skill level 8 in Dodging
  2634 | D:13     | Reached skill level 7 in Invocations
  2660 | D:13     | Killed an unseen horror
  2662 | D:13     | Got a fine ruby amulet
  2663 | D:13     | Identified the amulet "Kuifomul" {Faith rC+} (You found it on level 13 of the Dungeon)
  2686 | D:13     | Found a transporter.
  2697 | D:13     | Noticed an orc high priest
  2697 | D:13     | Noticed an orc knight
  2697 | D:13     | Noticed an orc knight
  2697 | D:13     | Noticed an orc high priest
  2697 | D:13     | Found a roughly hewn altar of Beogh.
  2698 | D:13     | Noticed a two-headed ogre
  2698 | D:13     | Noticed an ettin
  2698 | D:13     | Noticed an ettin
  2699 | D:13     | Noticed an orc knight
  2699 | D:13     | Noticed an orc knight
  2709 | D:13     | Killed a two-headed ogre
  2709 | D:13     | Killed an orc knight
  2709 | D:13     | Reached skill level 8 in Stealth
  2709 | D:13     | Reached skill level 6 in Transmutations
  2709 | D:13     | Annihilated by an orc knight

Skill      XL: |  1  2  3  4  5  6  7  8  9 10 11 |
---------------+----------------------------------+-----
Transmutations | 2 3 4 5 6 |  6.0
Spellcasting   | 5 6 7 8 |  8.4
Invocations    | 1 2 3 4 5 6 7 |  7.3
Fighting       | 1 2 3 4 5 6 |  6.6
Short Blades   | 1 2 3 4 5 6 |  6.6
Long Blades    | 1 2 3 4 5 6 |  6.6
Axes           | 1 2 3 4 5 6 |  6.6
Maces & Flails | 1 2 3 4 5 6 |  6.6
Polearms       | 1 2 3 4 5 6 |  6.6
Staves         | 1 2 3 4 5 6 |  6.6
Slings         | 1 2 3 4 5 6 |  6.6
Bows           | 1 2 3 4 5 6 |  6.6
Crossbows      | 1 2 3 4 5 6 |  6.6
Throwing       | 1 2 3 4 5 6 |  6.6
Armour         | 1 2 3 4 5 6 |  6.6
Shields        | 1 2 3 4 5 6 |  6.6
Unarmed Combat | 1 2 3 4 5 6 |  6.6
Evocations     | 1 2 3 4 5 6 |  6.6
Conjurations   | 1 2 3 4 5 |  5.5
Hexes          | 1 2 3 4 5 |  5.5
Charms         | 1 2 3 4 5 |  5.5
Summonings     | 1 2 3 4 5 |  5.5
Necromancy     | 1 2 3 4 5 |  5.5
Translocations | 1 2 3 4 5 |  5.5
Fire Magic     | 1 2 3 4 5 |  5.5
Ice Magic      | 1 2 3 4 5 |  5.5
Air Magic      | 1 2 3 4 5 |  5.5
Poison Magic   | 1 2 3 4 5 |  5.5
Dodging        | 5 6 7 8 |  8.2
Stealth        | 5 6 7 8 |  8.0
Earth Magic    | 6 7 |  7.9

Action                   |  1- 3 |  4- 6 |  7- 9 | 10-12 || total
-------------------------+-------+-------+-------+-------++-------
Melee: Short sword       |    11 |    10 |     3 |       ||    24
       Bite              |     1 |     1 |     7 |    21 ||    30
       Dagger            |       |       |    12 |    12 ||    24
       Dire flail        |       |       |     2 |       ||     2
       Broad axe         |       |       |     8 |    44 ||    52
       Scimitar          |       |       |     8 |    17 ||    25
       Punch             |       |       |     1 |     4 ||     5
       War axe           |       |       |       |     9 ||     9
       Battleaxe         |       |       |       |     2 ||     2
Throw: Stone             |       |       |     1 |       ||     1
 Cast: Sandblast         |    15 |    27 |    92 |    51 ||   185
       Passwall          |     4 |     3 |    21 |       ||    28
       Petrify           |       |       |     2 |     8 ||    10
       Regeneration      |       |       |     1 |     3 ||     4
       Borgnjor's Vile C |       |       |       |    14 ||    14
       Animate Skeleton  |       |       |       |     8 ||     8
       Apportation       |       |       |       |     3 ||     3
Invok: Slouch            |       |       |       |     1 ||     1
Evoke: Wand              |       |       |     4 |    11 ||    15
  Use: Scroll            |       |     3 |     6 |     4 ||    13
       Potion            |       |       |     7 |     1 ||     8
 Stab: Sleeping          |     4 |     3 |     6 |     2 ||    15
       Petrified         |       |       |     3 |    14 ||    17
       Paralysed         |       |       |     2 |    14 ||    16
  Eat: Chunk             |       |       |     1 |     3 ||     4
       Ration            |       |       |     1 |     1 ||     2
Armor: Robe              |     1 |     1 |     8 |    11 ||    21
Dodge: Dodged            |     5 |    12 |    64 |   128 ||   209
Block: Buckler           |       |       |       |     4 ||     4
       Rpst.: Scimitar   |       |       |     6 |     9 ||    15

Table legend:
 A = Turns spent in this place as a percentage of turns spent in the entire game.
 B = Non-inter-level travel turns spent in this place as a percentage of non-inter-level travel turns spent in the entire game.
 C = Inter-level travel turns spent in this place as a percentage of turns spent in this place.
 D = Turns resting spent in this place as a percentage of non-inter-level travel turns spent in this place.
 E = Turns spent auto-exploring this place as a percentage of non-inter-level travel turns spent in this place.
 F = Non-inter-level travel turns spent in this place divided by the number of levels of this place that you've seen.
                   A       B       C       D       E      F
               +-------+-------+-------+-------+-------+----------------------
         Total | 100.0 | 100.0 |   1.2 |   0.0 |   0.0 | 191.2
       Dungeon | 100.0 | 100.0 |   1.2 |   0.0 |   0.0 | 191.2
               +-------+-------+-------+-------+-------+----------------------

Table legend:
 A = Kills in this place as a percentage of kills in entire the game.
 B = Kills by you in this place as a percentage of kills by you in the entire game.
 C = Kills by friends in this place as a percentage of kills by friends in the entire game.
 D = Other kills in this place as a percentage of other kills in the entire game.
 E = Experience gained in this place as a percentage of experience gained in the entire game.
 F = Experience gained in this place divided by the number of levels of this place that you have seen.
                   A       B       C       D       E      F
               +-------+-------+-------+-------+-------+----------------------
         Total | 100.0 | 100.0 | 100.0 |   N/A | 100.0 | 1293.0
       Dungeon | 100.0 | 100.0 | 100.0 |   N/A | 100.0 | 1293.0
               +-------+-------+-------+-------+-------+----------------------

Vault maps used:
D:1:      saegor_arrival_simple_f
D:2:      lemuel_doored_altar, uniq_sigmund
D:3:      first_ration, uniq_grinder
D:4:      kennysheep_goblin_castle, elyvilon_altar_4, minitemple,
          grunt_ministairs_10, lightli_corner_chamber
D:5:      basic_altar, grunt_ministairs_14
D:6:      minmay_temple_entry_glass, serial_shops, nicolae_shop_statue_plus,
          shop
D:7:      minmay_misc_feat_plants, uniq_menkaure
D:8:      cheibrodos_iron_armory, serial_shops, kennysheep_little_box,
          grunt_ogre_cave
D:11:     kennysheep_seaside_town, grunt_lair_entry_orc_guard_hut, uniq_fannar,
          uniq_grum
D:12:     orc_0_dummy, nicolae_trove_entry_free_sample
D:13:     gammafunk_beogh_shrine, basic_altar
D:14:     nooodl_glass_maze, david_vaults_3, nicolae_ru_awakened_eye,
          grunt_dithmenos_smoke_and_mirrors
